 Dungeon Crawl Stone Soup version 0.22.1-1-ga44c0e5 (webtiles) character file.

25084 HaraKiri the Protected (level 12, -10/97 HPs)
             Began as a Minotaur Abyssal Knight on Oct 13, 2018.
             Was the Champion of Lugonu.
             Splashed by an oklob plant's acid (18 damage)
             ... on level 2 of the Lair of Beasts.
             The game lasted 00:58:38 (14436 turns).

HaraKiri the Protected (Minotaur Abyssal Knight)   Turns: 14436, Time: 00:58:40

Health: -10/97     AC: 14    Str: 25    XL:     12   Next: 86%
Magic:  0/23       EV:  8    Int: 12    God:    Lugonu [******]
Gold:   532        SH:  8    Dex:  9    Spells: 11/11 levels left

rFire    . . .     SeeInvis .   c - +9 hand axe "Bottu" {speed, Str+2}
rCold    . . .     Gourm    .   j - +2 buckler
rNeg     + . .     Faith    .   I - +2 plate armour {rPois}
rPois    +         Spirit   +   P - +2 hat {Int+3}
rElec    .         Reflect  .   k - scarf {Spirit}
rCorr    .         Harm     .   N - +0 pair of gloves
MR       .....                  (no boots)
Stlth    ..........             (no amulet)
HPRegen  0.26/turn              h - ring of magical power
MPRegen  0.18/turn              W - ring of positive energy

@: corroded
A: retaliatory headbutt, horns 2
a: Depart the Abyss, Bend Space, Banish, Corrupt, Enter the Abyss, Brand Weapon
With Distortion, Renounce Religion


You were on level 2 of the Lair of Beasts.
You worshipped Lugonu.
Lugonu was exalted by your worship.
You were not hungry.

You visited 2 branches of the dungeon, and saw 15 of its levels.
You visited the Abyss 1 time.
You also visited: Sewer.

You collected 928 gold pieces.
You spent 396 gold pieces at shops.

Inventory:

Hand Weapons
 c - the +9 hand axe "Bottu" (weapon) {speed, Str+2}
   (You bought it in a shop on level 8 of the Dungeon)

   Attacks with this weapon are significantly faster.
   It affects your strength (+2).
 p - the cursed +1 falchion "Migo" {vamp, Int+5}
   (You found it on level 4 of the Dungeon)

   It inflicts no extra harm, but heals its wielder when it wounds a living foe.
   It affects your intelligence (+5).
   It has a curse placed upon it.
 r - a +0 hunting sling
 G - a +2 long sword of electrocution
 M - a +2 falchion of flaming
 Y - a +1 long sword
Missiles
 s - 171 stones (quivered)
Armour
 j - a +2 buckler (worn)
 k - a scarf of spirit shield (worn)
 t - the -3 pair of gloves "Jisops" {Dex+3 Stlth+}
   (You found it on level 1 of the Lair of Beasts)

   It affects your dexterity (+3).
   It makes you more stealthy.
 A - a +6 plate armour of ponderousness
 D - a +2 robe of cold resistance
 I - a +2 plate armour of poison resistance (worn)
 N - a +0 pair of gloves (worn)
 P - a +2 hat of intelligence (worn)
 U - a cursed +0 robe
Jewellery
 h - a ring of magical power (left hand)
 F - an uncursed ring of wizardry
 S - an uncursed amulet of rage {unknown}
 W - a ring of positive energy (right hand)
 X - a cursed amulet of inaccuracy {unknown}
Wands
 a - a wand of scattershot (5)
 q - a wand of paralysis (12)
 C - a wand of disintegration (12)
 L - a wand of flame (45)
 Q - a wand of iceblast (10)
 V - a wand of polymorph (22)
Scrolls
 f - 4 scrolls of remove curse
 i - 8 scrolls of teleportation
 l - a scroll of torment {unknown}
 m - 14 scrolls of identify
 o - 4 scrolls of amnesia
 w - 2 scrolls of enchant armour {unknown}
 x - 3 scrolls of magic mapping
 y - 3 scrolls of fog
 B - a scroll of fear {unknown}
 H - a scroll of immolation {unknown}
 J - 5 scrolls of blinking
Potions
 d - 2 potions of agility
 e - 2 potions of cancellation
 g - 4 potions of might
 n - a potion of haste
 u - 2 potions of flight
 v - a potion of lignification
 z - 4 potions of curing
 E - 4 potions of brilliance
 K - 3 potions of magic
 O - a potion of resistance
 R - 2 potions of degeneration
Comestibles
 b - 18 rations
 T - a chunk of flesh


   Skills:
 + Level 6.7 Fighting
 - Level 10.4 Long Blades
 * Level 13.1 Axes
 * Level 14.3 Armour
 - Level 1.1 Dodging
 - Level 11.0 Shields
 + Level 4.9 Invocations


You had 11 spell levels left.
You didn't know any spells.
Your spell library contained the following spells:

 Spells                   Type           Power        Failure   Level  Hunger
 Magic Dart               Conj           #...         94%         1    ##.....
 Blink                    Tloc           N/A          98%         2    ###....
 Call Imp                 Summ           #.......     98%         2    ###....
 Slow                     Hex            #.......     98%         2    ###....
 Conjure Flame            Conj/Fire      #.......     100%        3    ####...
 Mephitic Cloud           Conj/Pois/Air  #.......     100%        3    ####...
 Recall                   Summ/Tloc      N/A          100%        3    ####...
 Animate Dead             Necr           N/A          100%        4    #####..
 Borgnjor's Vile Clutch   Necr/Erth      #.........   100%        5    ######.
 Death Channel            Necr           #.........   100%        6    #######
 Simulacrum               Ice/Necr       #.........   100%        6    #######


Dungeon Overview and Level Annotations

Branches:
Dungeon (13/15)            Temple (0/1) D:7            Lair (2/6) D:11
 Spider (0/4) Lair:2          Orc (0/2) D:10
  Swamp: Lair:2-4    Shoals: Lair:2-4    Vaults: D:13-14

Altars:
Fedhas
Hepliaklqana
Xom

Shops:
D:8 ((?(}

Annotations:
D:4 TBC
D:6 TBC
Lair:2 exclusion: oklob plant


Innate Abilities, Weirdness & Mutations

You reflexively headbutt those who attack you in melee.
You have a pair of horns on your head.


Message History

You slash the oklob plant!
You destroy the oklob plant!
Lugonu accepts your kill.
You feel better. The oklob plant spits acid at you.
The splash of acid hits you!
* * * LOW HITPOINT WARNING * * *
The acid corrodes you!
You are splashed with acid!
The acid burns!
* * * LOW HITPOINT WARNING * * *
You feel better.
You see here a scroll of teleportation.
You see here a leather armour.
You hit the oklob plant.
The oklob plant is lightly damaged.
You hit the plant. You hit the plant but do no damage.
The oklob plant spits acid at you. The splash of acid hits you!
* * * LOW HITPOINT WARNING * * *
The acid corrodes you!
You are splashed with acid!
The acid burns!
You die...

###..####......
#.#...##.#.....
##....#.###.....
#........###....
#...%....###.P...
#........###P....
######...)$...###.##.
#..[PP........#.###P.
#[!$@P.........#.####
#)..?...........##
#...............#
######.........##
#.#..........#
##.........P##
#......†..##
#.........#
##...######


You could see an oklob plant.

Vanquished Creatures
  Gastronok (D:8)
  Josephine (D:10)
  A hydra (D:11)
  2 two-headed ogres (D:10)
  3 death yaks (D:11)
  Pikel (D:8)
  A cyclops (D:11)
  The ghost of HaraKiri the Gusty, a novice NaAE of Hepliaklqana (D:4)
  An ugly thing (D:11)
  2 oklob plants (Lair:2)
  A black mamba (Lair:1)
  4 spiny frogs
  The ghost of SaintRoka the Cutter, a novice VSBe of Trog (D:8)
  5 centaur skeletons
  2 komodo dragons
  4 jumping spiders (Lair:2)
  A troll (D:10)
  7 hippogriffs
  Grinder (D:6)
  2 dream sheep (D:11)
  A redback (Lair:2)
  A vampire (D:9)
  6 yaks
  Eustachio (D:5)
  5 wraiths (D:10)
  A hungry ghost (D:10)
  Menkaure (D:6)
  4 water moccasins
  4 porcupines
  Duvessa (D:4)
  An orc warrior (D:11)
  5 sky beasts
  7 ice beasts
  2 phantoms
  4 ogres
  A black bear (D:10)
  17 centaurs
  2 crocodiles
  8 big kobolds
  Blork the orc (D:5)
  12 bullfrogs
  Dowan (D:4)
  A wyvern skeleton (D:7)
  5 scorpions
  A water moccasin zombie (D:7)
  9 wights
  4 howler monkeys
  2 bullfrog zombies
  2 crimson imps (D:5)
  10 hounds
  2 jellies (D:7)
  4 orc priests
  7 orc wizards
  2 bullfrog skeletons
  4 iguanas
  3 worker ants
  A killer bee zombie (D:7)
  3 hound zombies
  3 hound skeletons
  17 adders
  2 river rats (D:11)
  2 shadow imps
  2 oozes (Sewer)
  4 adder skeletons
  3 worms
  3 dart slugs
  13 leopard geckos
  28 orcs
  5 ball pythons
  12 bats
  9 giant cockroaches
  6 hobgoblins
  7 jackals
  7 quokkas
  4 frilled lizards
  14 goblins
  27 kobolds
  A leopard gecko skeleton (D:4)
  A quokka zombie (D:5)
  6 rats
  A fungus (Lair:2)
  A plant (Lair:2)
366 creatures vanquished.

Vanquished Creatures (others)
  An unseen horror (D:13)
  2 plants
3 creatures vanquished.

Grand Total: 369 creatures vanquished

Notes
Turn   | Place    | Note
-------+----------+-------------------------------------------
     0 | Abyss:1  | HaraKiri the Minotaur Abyssal Knight began the quest for
                  | the Orb.
     0 | Abyss:1  | Reached XP level 1. HP: 19/19 MP: 1/1
     0 | D:1      | Escaped the Abyss
   273 | D:1      | Reached * piety under Lugonu
   275 | D:1      | Reached XP level 2. HP: 26/27 MP: 2/2
   286 | D:1      | Reached skill level 3 in Armour
   739 | D:1      | Reached XP level 3. HP: 33/33 MP: 3/3
  1304 | D:2      | Reached skill level 4 in Armour
  1422 | D:2      | Reached XP level 4. HP: 34/40 MP: 4/4
  1592 | D:2      | Reached ** piety under Lugonu
  3187 | D:4      | Reached XP level 5. HP: 46/46 MP: 5/5
  3198 | D:4      | Reached skill level 5 in Axes
  3198 | D:4      | Reached skill level 5 in Armour
  3279 | D:4      | Reached XP level 6. HP: 18/52 MP: 6/6
  3556 | D:4      | Noticed Dowan
  3556 | D:4      | Noticed Duvessa
  3560 | D:5      | Entered Level 5 of the Dungeon
  3846 | D:5      | Noticed Blork the orc
  3862 | D:5      | Killed Blork the orc
  3862 | D:5      | Reached skill level 6 in Armour
  3875 | D:5      | Reached *** piety under Lugonu
  4204 | D:5      | Found a shimmering altar of Xom.
  4212 | D:5      | Reached skill level 1 in Long Blades
  4232 | D:5      | Reached XP level 7. HP: 53/58 MP: 7/7
  4239 | D:5      | Noticed Eustachio
  4272 | D:5      | Killed Eustachio
  4295 | D:5      | Found a hazy altar of Hepliaklqana.
  4805 | D:6      | Reached skill level 7 in Armour
  4966 | D:6      | Reached skill level 5 in Long Blades
  4966 | D:6      | Reached XP level 8. HP: 42/66 MP: 8/8
  5045 | D:6      | Found a glowing drain.
  5062 | Sewer    | Entered a sewer
  5313 | Sewer    | Reached **** piety under Lugonu
  5388 | D:6      | Reached skill level 1 in Shields
  5472 | D:6      | Noticed Menkaure
  5501 | D:7      | Reached skill level 8 in Armour
  5903 | D:7      | Reached XP level 9. HP: 51/71 MP: 9/9
  6000 | D:7      | Found a staircase to the Ecumenical Temple.
  6280 | D:8      | Found a runed door.
  6323 | D:8      | Reached skill level 5 in Shields
  6451 | D:8      | Found Awyczax's Antique Weapon Boutique.
  6451 | D:8      | Noticed Gastronok
  6477 | D:8      | Killed Gastronok
  6477 | D:8      | Reached skill level 10 in Long Blades
  6477 | D:8      | Reached skill level 9 in Armour
  6477 | D:8      | Reached XP level 10. HP: 42/78 MP: 9/10
  7065 | D:8      | Reached ***** piety under Lugonu
  7068 | D:8      | Found Hazaunad's Weapon Shoppe.
  7072 | D:8      | Found Piozxuli's Magic Scroll Boutique.
  7079 | D:8      | Bought a scroll of identify for 24 gold pieces
  7079 | D:8      | Bought a scroll of blinking for 90 gold pieces
  7079 | D:8      | Bought a scroll of enchant weapon for 90 gold pieces
  7119 | D:8      | Found Darar's Gadget Boutique.
  7274 | D:8      | Found Afuzaos's Antique Weapon Shoppe.
  7277 | D:8      | Bought a bone hand axe for 192 gold pieces
  7277 | D:8      | Identified the +9 hand axe "Bottu" {speed, Str+2} (You
                  | bought it in a shop on level 8 of the Dungeon)
  7335 | D:8      | Noticed SaintRoka's ghost (novice VSBe)
  7351 | D:8      | Killed SaintRoka's ghost
  7397 | D:9      | Noticed Pikel
  7407 | D:8      | Killed Pikel
  7407 | D:8      | Reached skill level 10 in Armour
  8058 | D:10     | Entered Level 10 of the Dungeon
  8093 | D:10     | Found a blossoming altar of Fedhas.
  8126 | D:10     | You fall through a shaft for 3 floors!
  8134 | D:13     | Noticed a four-headed hydra
  8181 | D:13     | Killed an unseen horror
  8255 | D:13     | Reached skill level 11 in Armour
  8506 | D:13     | Noticed a tengu warrior
  8703 | D:12     | Noticed a seven-headed hydra
  8764 | D:11     | Reached XP level 11. HP: 72/83 MP: 11/11
  8886 | D:11     | Reached skill level 10 in Axes
  9103 | D:11     | Noticed a red ugly thing
  9185 | D:10     | Noticed a two-headed ogre
  9198 | D:10     | Killed a two-headed ogre
  9198 | D:10     | Reached skill level 12 in Armour
  9580 | D:10     | Noticed a two-headed ogre
  9590 | D:10     | Killed a two-headed ogre
  9695 | D:10     | Reached skill level 10 in Shields
  9770 | D:10     | Found a staircase to the Orcish Mines.
  9913 | D:10     | Noticed Josephine
  9944 | D:10     | Killed Josephine
 10142 | D:6      | Killed Menkaure
 10201 | D:6      | Noticed Grinder
 10205 | D:6      | Killed Grinder
 10686 | D:4      | Killed Duvessa
 10690 | D:4      | Killed Dowan
 10937 | D:4      | Found a transporter.
 10939 | D:4      | Noticed HaraKiri's ghost (novice NaAE)
 10940 | D:4      | Found a transporter.
 11173 | D:4      | Killed HaraKiri's ghost
 11173 | D:4      | Reached skill level 13 in Armour
 11199 | D:4      | Got an ichor-stained falchion
 11409 | D:11     | Noticed a death yak
 11413 | D:11     | Noticed a death yak
 11419 | D:11     | Noticed a death yak
 11458 | D:11     | Killed a death yak
 11458 | D:11     | Reached XP level 12. HP: 69/93 MP: 13/13
 11475 | D:11     | Killed a death yak
 11475 | D:11     | Reached skill level 5 in Fighting
 11491 | D:11     | Killed a death yak
 11675 | D:11     | Reached ****** piety under Lugonu
 12199 | D:11     | Noticed a three-headed hydra
 12209 | D:11     | Killed a one-headed hydra
 12379 | D:11     | Found a staircase to the Lair.
 12526 | Lair:1   | Entered Level 1 of the Lair of Beasts
 12746 | Lair:1   | Got a pair of faintly humming gloves
 12757 | Lair:1   | Identified the cursed -3 pair of gloves "Jisops" {Dex+3
                  | Stlth+} (You found it on level 1 of the Lair of Beasts)
 12769 | Lair:1   | Identified the cursed +1 falchion "Migo" {vamp, Int+5} (You
                  | found it on level 4 of the Dungeon)
 13956 | Lair:2   | Reached skill level 14 in Armour
 14138 | Lair:2   | Found a hole to the Spider Nest.
 14436 | Lair:2   | Splashed by an oklob plant's acid

Skill      XL: |  1  2  3  4  5  6  7  8  9 10 11 12 |
---------------+-------------------------------------+-----
Axes           | 3 4 5 6 7 9 11 13 | 13.1
Armour         | 3 4 5 6 7 8 9 11 13 14 | 14.3
Long Blades    | 1 5 7 10 | 10.4
Shields        | 4 7 9 10 11 | 11.0
Invocations    | 3 4 |  4.9
Fighting       | 4 6 |  6.7
Dodging        | |  1.1

Action                   |  1- 3 |  4- 6 |  7- 9 | 10-12 || total
-------------------------+-------+-------+-------+-------++-------
Melee: Hand axe          |    85 |   122 |    86 |   683 ||   976
       Headbutt          |    13 |    21 |    39 |   164 ||   237
       Long sword        |       |       |   201 |    62 ||   263
       Unarmed           |       |       |       |    10 ||    10
       Falchion          |       |       |       |     7 ||     7
Invok: Depart the Abyss  |     1 |       |       |       ||     1
       Bend Space        |       |       |       |     6 ||     6
Evoke: Wand              |       |       |       |     2 ||     2
  Use: Potion            |       |       |     2 |    16 ||    18
       Scroll            |       |       |       |    12 ||    12
 Stab: Distracted        |       |     1 |       |     1 ||     2
  Eat: Chunk             |     2 |     8 |     1 |    25 ||    36
       Ration            |       |       |     2 |     1 ||     3
Armor: Leather armour    |    24 |    16 |       |       ||    40
       Ring mail         |       |    14 |    11 |       ||    25
       Scale mail        |       |       |   122 |     7 ||   129
       Chain mail        |       |       |       |   119 ||   119
       Skin              |       |       |       |     1 ||     1
       Plate armour      |       |       |       |   204 ||   204
Dodge: Dodged            |    48 |    72 |   115 |   185 ||   420
Block: Buckler           |       |       |    29 |   181 ||   210
       Rpst.: Long sword |       |       |    31 |     1 ||    32
       Falchion          |       |       |       |     1 ||     1
